 Dungeon Crawl Stone Soup version 0.28.0-47-ge53b351184 (webtiles) character file.

Game seed: 13313619684645082921

141 Zeld the Gusty (level 5, -9/30 HPs)
             Began as a Tengu Air Elementalist on Apr 28, 2022.
             Mangled by a wyvern (18 damage)
             ... on level 4 of the Dungeon.
             The game lasted 00:05:58 (3570 turns).

Zeld the Gusty (Tengu Air Elementalist)             Turns: 3570, Time: 00:05:59

Health: -9/30      AC:  3    Str:  8    XL:     5   Next: 24%
Magic:  5/10       EV: 15    Int: 17    God:
Gold:   182        SH:  0    Dex: 15    Spells: 3/9 levels left

rFire   . . .      SeeInvis .   (no weapon)
rCold   . . .      Faith    .   (no shield)
rNeg    . . .      Spirit   .   a - +0 robe
rPois   .          Reflect  .   (helmet restricted)
rElec   .          Harm     .   (no cloak)
rCorr   .          Rampage  .   o - +0 pair of gloves
Will    .....                   (boots unavailable)
Stlth   ++........              (no amulet)
HPRegen 0.10/turn               (no ring)
MPRegen 0.12/turn               (no ring)

@: flying quickly and evasively, quick
A: beak, talons 3, nimble flight
a: no special abilities


You were on level 4 of the Dungeon.
You visited 1 branch of the dungeon, and saw 4 of its levels.

You collected 182 gold pieces.

Inventory:

Armour
 a - a +0 robe (worn)
 o - a +0 pair of gloves (worn)
Jewellery
 p - a ring of protection from fire
Wands
 r - a wand of iceblast (8)
Scrolls
 d - 2 scrolls of blinking {unknown}
 e - a scroll of enchant weapon {unknown}
 i - 3 scrolls of amnesia {unknown}
 k - a scroll of fear {unknown}
 l - 5 scrolls of identify {unknown}
 m - a scroll of teleportation {unknown}
Potions
 b - 2 potions of degeneration {unknown}
 c - a potion of haste {unknown}
 f - a potion of mutation {unknown}
 g - 2 potions of invisibility {unknown}
 h - a potion of flight {unknown}
 j - a potion of ambrosia {unknown}
 n - 2 potions of attraction {unknown}
 q - a potion of curing {unknown}


   Skills:
 * Level 1.9 Fighting
 + Level 2.8 Dodging
 + Level 2.6 Stealth
 * Level 2.9 Spellcasting
 + Level 2.3 Conjurations
 * Level 5.0 Air Magic


You had 3 spell levels left.
You knew the following spells:

 Your Spells              Type           Power      Damage    Failure   Level
a - Shock                 Conj/Air       60%        1d6       3%          1
b - Static Discharge      Conj/Air       15%        N/A       6%          2
c - Swiftness             Air            19%        N/A       7%          3

Your spell library contained the following spells:

 Spells                   Type           Power      Damage    Failure   Level
 Corpse Rot               Necr/Air       22%        N/A       10%         2
 Airstrike                Air            9%         N/A       22%         4
 Sticky Flame             Conj/Fire      6%         2d3       73%         4
 Dispel Undead            Necr           2%         3d7       87%         4
 Death Channel            Necr           1%         N/A       100%        6


Dungeon Overview and Level Annotations

Branches:
Dungeon (4/15)
 Temple: D:4-7

Altars:
Fedhas
Kikubaaqudgha


Innate Abilities, Weirdness & Mutations

You have a beak for a mouth.
You have claws for feet.
Your magical nature lets you fly swiftly and evasively.


Message History

Aiming: Shock (safe; 3% risk of failure)
Press: ? - help, Shift-Dir - straight line, f - wyvern
Aim: a wyvern (asleep, 100% to hit)
The zap hits the wyvern.
The wyvern is lightly wounded.
Casting: Shock (safe; 3% risk of failure)
Confirm with . or Enter, or press ? or * to list all spells.
Aiming: Shock (safe; 3% risk of failure)
Press: ? - help, Shift-Dir - straight line, f/p - wyvern
Aim: a wyvern (lightly wounded, 71% to hit)
The zap misses the wyvern.
Unknown command.
Casting: Shock (safe; 3% risk of failure)
Confirm with . or Enter, or press ? or * to list all spells.
Aiming: Shock (safe; 3% risk of failure)
Press: ? - help, Shift-Dir - straight line, f/p - wyvern
Aim: a wyvern (lightly wounded, 71% to hit)
The zap hits the wyvern.
The wyvern is lightly wounded.
The wyvern closely misses you.
Unknown command.
Casting: Shock (safe; 3% risk of failure)
Confirm with . or Enter, or press ? or * to list all spells.
Aiming: Shock (safe; 3% risk of failure)
Press: ? - help, Shift-Dir - straight line, f/p - wyvern
Aim: a wyvern (lightly wounded, 71% to hit)
The zap hits the wyvern.
The wyvern is moderately wounded.
The wyvern bites you! x2
* * * LOW HITPOINT WARNING * * *
Casting: Shock (safe; 3% risk of failure)
Confirm with . or Enter, or press ? or * to list all spells.
Aiming: Shock (safe; 3% risk of failure)
Press: ? - help, Shift-Dir - straight line, f/p - wyvern
Aim: a wyvern (moderately wounded, 71% to hit)
The zap hits the wyvern.
The wyvern is heavily wounded.
The wyvern bites you!!
Ouch! That really hurt!
You die...

#.........# #..
##.........## ####.#
#...........####....#
#....................
#..>........####.###.
#...........###..##..
#...............#.<.#
##................###
###@.##.............
#l###.............
#.##...#'#.[......
.......#_#....?...
........#+#........
........ ..........
...................
........####.......#
###....##


You could see a wyvern.

Vanquished Creatures
  A jelly (D:4)
  4 adders
  3 worms (D:2)
  2 dart slugs
  7 endoplasms
  3 giant cockroaches
  3 goblins
  6 hobgoblins
  3 quokkas
  6 ball pythons
  8 bats
  5 frilled lizards
  9 kobolds
  A rat (D:1)
61 creatures vanquished.

Vanquished Creatures (others)
  A plant (D:3)
1 creature vanquished.

Grand Total: 62 creatures vanquished

Notes
Turn   | Place    | Note
-------+----------+-------------------------------------------
     0 | D:1      | Zeld the Tengu Air Elementalist began the quest for the
                  | Orb.
     0 | D:1      | Reached XP level 1. HP: 10/10 MP: 4/4
   330 | D:1      | Reached XP level 2. HP: 16/16 MP: 1/6
   391 | D:1      | Found a faded altar of an unknown god.
   555 | D:1      | Learned a level 2 spell: Static Discharge
   899 | D:1      | Reached skill level 1 in Fighting
  1194 | D:1      | Reached XP level 3. HP: 16/20 MP: 3/7
  1198 | D:1      | Learned a level 3 spell: Swiftness
  1917 | D:2      | Reached XP level 4. HP: 25/25 MP: 6/8
  3073 | D:3      | Found a blossoming altar of Fedhas.
  3442 | D:4      | Reached skill level 5 in Air Magic
  3442 | D:4      | Gained mutation: Your magical nature lets you fly swiftly
                  | and evasively. [Tengu growth]
  3442 | D:4      | Reached XP level 5. HP: 30/30 MP: 5/10
  3454 | D:4      | Found an ancient bone altar of Kikubaaqudgha.
  3564 | D:4      | Noticed a wyvern
  3570 | D:4      | Mangled by a wyvern

Illustrated notes

Levels and vault maps discovered:
D:1:      tarquinn_simple_flora_water_b, layout_loops_ring,
          chequers_ecumenical_altar_twisty, minmay_heptomino_o4
D:2:      layout_loops_ring, kennysheep_generic_room_6
D:3:      layout_basic, fedhas_altar_3, patterned_corridor
D:4:      layout_rooms, kennysheep_mini_moat, uniq_grinder

Skill      XL: |  1  2  3  4 |
---------------+-------------+-----
Fighting       | 1 |  1.9
Conjurations   | 2 |  2.3
Air Magic      | 5 |  5.0
Dodging        | |  2.8
Stealth        | |  2.6
Spellcasting   | |  2.9

Action                   |  1- 3 |  4- 6 || total
-------------------------+-------+-------++-------
Melee: Unarmed           |     8 |     5 ||    13
       Peck              |     2 |     1 ||     3
       Kick              |     2 |     1 ||     3
 Cast: Shock             |    82 |    61 ||   143
Armor: Robe              |     5 |     2 ||     7
Dodge: Dodged            |    29 |     9 ||    38
